AoeStats
← Raoul le teigneux

Arabia

505927027Analyzed
1v1 RM · 21d ago on Sep 11, 2026· 30m 10s· 2 players
Game mode
Random Map
Map size
Tiny (2 player)
Population
200
Speed
Normal
Resources
Standard
Victory
Conquest
Starting age
Dark Age
Ending age
Imperial Age
RankedLock teamsTeams togetherTeam positionsShared explorationLock speedFull tech treeHidden civsTurbo modeCheats
Victory
Defeat
🇫🇷 Franks · France
826
+16
🇦🇷 Cumans · Argentina
824
-16
vinualec
7:41 Loom
9:36 Feudal Age
13:36 Double-Bit Axe
27:28 Fletching
Raoul le teigneux
0:28 Loom
12:05 Feudal Age
13:05 Double-Bit Axe
12:47 Man-at-Arms
25:25 Castle Age
24:17 Fletching
24:56 Scale Barding Armor
28:11 Forging
30:01 Scale Mail Armor
30:35 Gold Mining
Connection lost

Rejoining the realm…

Still unreachable

The connection could not be restored.

Session expired

The server has moved on; the page needs a fresh start.